 Seeded DCSS version 0.32-a0-913-g739538afd8 (webtiles) character file.

Game seed: 17047034582663869622 (custom seed)

661 bronco the Blocker (level 7, -1/85 HPs)
             Began as a Mountain Dwarf Monk on Apr 10, 2024.
             Slain by a quasit (2 damage)
             ... summoned by Eustachio
             ... on level 4 of the Dungeon.
             The game lasted 00:07:53 (2928 turns).

bronco the Blocker (Mountain Dwarf Monk)            Turns: 2928, Time: 00:07:54

Health: -1/85      AC: 10    Str: 20    XL:     7   Next: 30%
Magic:  7/7        EV:  7    Int: 12    God:
Gold:   313        SH:  0    Dex: 18    Spells: 6/6 levels left

rFire   . . .        D - +0 morningstar
rCold   . . .        (no shield)
rNeg    . . .        A - +0 chain mail
rPois   .            x - +0 helmet
rElec   .            h - +0 cloak
rCorr   .            (no gloves)
SInv    .            (no boots)
Will    .....        (no amulet) Stlth
                     v - +6 ring of dexterity
HPRegen 0.34/turn    u - +6 ring of strength
MPRegen 0.10/turn

%: no passive effects
@: berserking (expiring), very quick
A: runic magic, artefact enchanting
a: no special abilities


You were on level 4 of the Dungeon.
You visited 1 branch of the dungeon, and saw 4 of its levels.

You collected 313 gold pieces.

Inventory:

Hand Weapons
 a - a +0 dagger of venom
 b - a +0 arbalest
 l - a +0 hand axe
 D - a +0 morningstar (weapon)
Missiles
 i - 45 stones
 n - a silver javelin
 q - 8 poisoned darts (quivered)
Armour
 e - a +0 kite shield
 h - a +0 cloak (worn)
 j - a +0 robe
 k - a +0 ring mail
 t - a +0 scale mail
 x - a +0 helmet (worn)
 A - a +0 chain mail (worn)
Jewellery
 d - a ring of wizardry
 s - a ring of resist corrosion
 u - a +6 ring of strength (right hand)
 v - a +6 ring of dexterity (left hand)
 w - a ring of magical power
 y - a +6 ring of intelligence
Wands
 m - a wand of flame (13)
Scrolls
 f - a scroll of poison {unknown}
 g - a scroll of torment {unknown}
 B - a scroll of blinking {unknown}
Potions
 c - a potion of ambrosia
 o - a potion of magic
 z - 2 potions of cancellation {unknown}
 C - 2 potions of mutation


   Skills:
 - Level 3.2 Fighting
 - Level 3.6 Axes
 - Level 2.1 Dodging
 + Level 8.7 Shields


You had 6 spell levels left.
You didn't know any spells.
Your spell library contained the following spells:

 Spells                   Type           Power      Damage    Failure   Level
 Magic Dart               Conj           0%         1d3       50%         1
 Blink                    Tloc           0%         N/A       65%         2
 Call Imp                 Summ           0%         N/A       65%         2
 Ensorcelled Hibernation  Hex/Ice        0%         N/A       65%         2
 Fugue of the Fallen      Necr           0%         N/A       86%         3
 Anguish                  Hex/Necr       0%         N/A       99%         4


Dungeon Overview and Level Annotations

Branches:
Dungeon (4/15)
 Temple: D:4-7

Altars:
Dithmenos
Yredelemnul

Annotations:
D:3 1 runed translucent door, Crazy Yiuf
D:4 Eustachio


Innate Abilities, Weirdness & Mutations

Your spellcasting is much less encumbered by armour.
You can use scrolls of enchantment on lesser artefacts.


Message History

* * * LOW HITPOINT WARNING * * *
Unknown command.
Unknown command.
You barely miss Eustachio.
Eustachio is heavily wounded.
The ufetubus barely misses you.
The ufetubus hits you but does no damage.
The quokka completely misses you. The quokka bites you.
* * * LOW HITPOINT WARNING * * *
Eustachio hits you with a +0 rapier.
* * * LOW HITPOINT WARNING * * *
The rat completely misses you. The iron imp barely misses you.
Unknown command.
Unknown command.
You are too berserk!
Unknown command.
You closely miss the ufetubus.
The ufetubus hits you but does no damage.
The ufetubus closely misses you.
The quokka bites you but does no damage. x2
The quasit bites you.
* * * LOW HITPOINT WARNING * * *
The quasit claws you but does no damage. x2
The rat barely misses you. Eustachio closely misses you.
The ufetubus hits you but does no damage.
The ufetubus completely misses you.
Unknown command.
Unknown command.
Unknown command.
You impale the iron imp!!
You kill the iron imp!
The iron imp disappears in a puff of smoke!
The quokka bites you but does no damage.
The ufetubus barely misses you.
The ufetubus hits you but does no damage.
The quokka barely misses you. The quasit bites you.
* * * LOW HITPOINT WARNING * * *
The quasit claws you but does no damage.
The quasit claws you.
You die...

#####+### #.......#
#.......# #.......#
#.......# ##..<....#
#..5@§...# ###..r@rr..#
#....5r#......
#####..#.#####
#.............
#.##.....#####
##.##.##################
#>......@.B..§..........
#.###.##################
#.#


You could see Eustachio, a quasit (summoned), an ufetubus (summoned), 2 quokkas
and 2 rats.

Vanquished Creatures
  Grinder (D:3)
  Sigmund (D:3)
  A scorpion (D:4)
  A bombardier beetle (D:4)
  2 hounds (D:4)
  A jelly (D:4)
  Terence (D:3)
  Robin (D:3)
  An adder (D:2)
  A ribbon worm (D:2)
  10 orcs (D:4)
  4 bats
  3 endoplasms
  3 giant cockroaches
  13 goblins
  11 hobgoblins
  2 jackals (D:1)
  7 kobolds
  2 quokkas
  3 ball pythons
  A frilled lizard (D:3)
  4 rats
74 creatures vanquished.

Notes
Turn   | Place    | Note
-------+----------+-------------------------------------------
     0 | D:1      | bronco the Mountain Dwarf Monk began the quest for the Orb.
     0 | D:1      | Reached XP level 1. HP: 19/19 MP: 1/1
   163 | D:1      | Reached skill level 1 in Shields
   356 | D:1      | Reached XP level 2. HP: 19/26 MP: 2/2
   435 | D:1      | Reached skill level 2 in Shields
   466 | D:1      | Found a faded altar of an unknown god.
   950 | D:2      | Reached skill level 3 in Shields
  1138 | D:2      | Reached XP level 3. HP: 30/31 MP: 3/3
  1450 | D:3      | Noticed Robin
  1582 | D:3      | Killed Robin
  1583 | D:3      | Reached skill level 4 in Shields
  1583 | D:3      | Reached XP level 4. HP: 29/38 MP: 4/4
  1711 | D:3      | Noticed Grinder
  1891 | D:4      | Noticed a scorpion
  1894 | D:4      | Killed a scorpion
  1895 | D:4      | Reached skill level 5 in Shields
  1895 | D:4      | Reached XP level 5. HP: 45/45 MP: 5/5
  1918 | D:3      | Noticed Terence
  1937 | D:3      | Killed Terence
  2011 | D:3      | Found a basalt altar of Yredelemnul.
  2072 | D:3      | Noticed Sigmund
  2075 | D:3      | Killed Sigmund
  2076 | D:3      | Reached skill level 7 in Shields
  2076 | D:3      | Reached XP level 6. HP: 51/51 MP: 6/6
  2087 | D:3      | Found a shadowy altar of Dithmenos.
  2171 | D:3      | Killed Grinder
  2172 | D:3      | Reached skill level 8 in Shields
  2172 | D:3      | Reached XP level 7. HP: 35/57 MP: 7/7
  2327 | D:3      | Found a runed translucent door.
  2328 | D:3      | Noticed Crazy Yiuf
  2831 | D:4      | Noticed Eustachio
  2926 | D:4      | HP: 4/85 [quokka[Eustachio] (3)]
  2927 | D:4      | HP: 1/85 [quasit[Eustachio] (1)]
  2928 | D:4      | Slain by a quasit

Illustrated notes

Levels and vault maps discovered:
D:1:      hellmonk_arrival_library, layout_basic,
          shapermc_ecumenical_altar_totnotflames
D:2:      layout_rooms, st_stairs_2
D:3:      layout_rooms, mainiacjoe_overflow_surrounded_room, lemuel_round_altar,
          uniq_grinder, uniq_sigmund, uniq_robin, uniq_crazy_yiuf_cottage,
          uniq_terence
D:4:      layout_basic, uniq_eustachio, uniq_menkaure

Skill      XL: |  1  2  3  4  5  6 |
---------------+-------------------+-----
Shields        | 1 3 4 5 7 8 |  8.7
Fighting       | |  3.2
Axes           | |  3.6
Dodging        | |  2.1

Action                     |  1- 3 |  4- 6 |  7- 9 || total
---------------------------+-------+-------+-------++-------
  Melee: Hand axe          |    16 |       |       ||    16
         Dagger            |    61 |    32 |    21 ||   114
         Club              |       |     3 |       ||     3
         Morningstar       |       |       |    11 ||    11
   Fire: Arbalest          |    45 |    23 |    34 ||   102
  Throw: Javelin           |       |     3 |       ||     3
         Dart              |       |     2 |       ||     2
    Use: Scroll            |       |       |     4 ||     4
         Potion            |       |       |     3 ||     3
 Armour: Ring mail         |    38 |       |       ||    38
         Robe              |     1 |       |       ||     1
         Scale mail        |    38 |    41 |       ||    79
         Chain mail        |       |     2 |   100 ||   102
  Dodge: Dodged            |    72 |    20 |    52 ||   144

Table legend: (Time is in decaauts)
 A = Elapsed time spent in this place.
 B = Non-inter-level travel time spent in this place.
 C = Inter-level travel time spent in this place.
 D = Time resting spent in this place.
 E = Time spent auto-exploring this place.
 F = Levels seen in this place.
 G = Mean time per level.
                   A        B        C        D        E       F      G
               +--------+--------+--------+--------+--------+-----+--------+
         Total |   3033 |   2750 |    283 |    341 |   1566 |   4 |  758.2 |
       Dungeon |   3033 |   2750 |    283 |    341 |   1566 |   4 |  758.2 |
               +--------+--------+--------+--------+--------+-----+--------+

Top non-repeatable levels by time:
     D:1: 886 daAuts
     D:3: 867 daAuts
     D:2: 828 daAuts
     D:4: 451 daAuts
